 Dungeon Crawl Stone Soup version 0.30-a0-367-g839099abd5 (webtiles) character file.

Game seed: 17609399630971412854

1376 MrRokkomies the Martial Artist (level 9, -7/78 HPs)
             Began as a Meteoran Transmuter on Nov 18, 2022.
             Mangled by an orc warrior
             ... wielding a +0 war axe
              (12 damage)
             ... on level 6 of the Dungeon.
             The game lasted 00:08:14 (2567 turns).

MrRokkomies the Martial Artist (MeTm)               Turns: 2567, Time: 00:08:15

Health: -7/78      AC:  8    Str: 11    XL:     9   Next: 18%
Magic:  14/14      EV: 13    Int: 15    God:
Gold:   176        SH:  0    Dex: 20    Spells: 7/13 levels left

rFire   . . .      SeeInvis .      - Unarmed
rCold   . . .      Faith    .    (no shield)
rNeg    . . .      Spirit   .    g - +0 ring mail
rPois   .          Reflect  .    (helmet currently unavailable)
rElec   .          Harm     .    (no cloak)
rCorr   +          Rampage  .    s - +2 pair of gloves
Will    +....                    (boots currently unavailable)
Stlth   +.........               (no amulet)
HPRegen 0.33/turn                m - ring of resist corrosion
MPRegen 0.14/turn                (no ring)

@: appendages (expiring), wereblooded, glowing
A: horns 2, talons 2, sense surroundings 2, otherworldly, glowing, explore regen
a: End Transformation


You were on level 6 of the Dungeon.
You had temporarily grown beastly horns and talons.
You visited 1 branch of the dungeon, and saw 6 of its levels.

You collected 176 gold pieces.

Inventory:

Hand Weapons
 e - a +3 short sword of venom
Missiles
 d - 6 datura-tipped darts
 l - 5 poisoned darts
Armour
 a - a +0 robe
 g - a +0 ring mail (worn)
 s - a +2 pair of gloves (worn)
Jewellery
 m - a ring of resist corrosion (left hand)
Wands
 k - a wand of light (8)
 q - a wand of flame (27)
Scrolls
 i - a scroll of poison
 j - a scroll of identify
 p - a scroll of enchant weapon
 t - a scroll of summoning
Potions
 b - 2 potions of lignification
 f - a potion of might {unknown}
 n - a potion of flight
 o - a potion of brilliance {unknown}
 r - a potion of degeneration {unknown}


   Skills:
 * Level 6.5 Fighting
 + Level 5.4 Dodging
 * Level 8.0 Unarmed Combat
 - Level 2.6 Spellcasting
 + Level 5.5 Transmutations


You had 7 spell levels left.
You knew the following spells:

 Your Spells              Type           Power      Damage    Failure   Level
a - Beastly Appendage     Tmut           36%        N/A       5%          1
b - Wereblood             Tmut           18%        N/A       8%          2
c - Spider Form           Tmut/Pois      10%        N/A       43%         3

Your spell library contained the following spells:

 Spells                   Type           Power      Damage    Failure   Level
 Freeze                   Ice            8%         1d3       45%         1
 Magic Dart               Conj           8%         1d3       45%         1
 Blink                    Tloc           4%         N/A       58%         2
 Call Imp                 Summ           2%         N/A       58%         2
 Momentum Strike          Conj/Tloc      4%         3d8       58%         2
 Frozen Ramparts          Ice            4%         1d1       83%         3
 Hailstorm                Conj/Ice       2%         3d3       83%         3
 Lesser Beckoning         Tloc           4%         N/A       83%         3
 Mephitic Cloud           Conj/Pois/Air  2%         N/A       83%         3
 Ice Form                 Ice/Tmut       10%        N/A       85%         4


Dungeon Overview and Level Annotations

Branches:
Dungeon (6/15) Zot: 1079
 Temple: D:4-7

Altars:
Dithmenos

Shops:
D:2 *(=(   D:6 *

Annotations:
D:5 3 runed translucent doors, choppaz's ghost, novice DjFE


Innate Abilities, Weirdness & Mutations

You have temporarily grown beastly horns and talons.
You passively map the area around you.
You are easily found by Zot.
You glow in the dark.
You regain HP and MP as you explore.


Message History

You headbutt the orc warrior, but do no damage.
The orc warrior is moderately wounded.
The orc closely misses you.
The kobold hits you with a +0 short sword.
* * * LOW HITPOINT WARNING * * *
The orc warrior completely misses you.
Blink to where?
Press: ? - help, Dir - move target
As you read the scroll of blinking, it crumbles to dust.
The orc priest misses you.
You hit the orc priest.
The orc priest is moderately wounded.
The orc priest mumbles some strange prayers to Beogh against you.
Pain shoots through your body!
* * * LOW HITPOINT WARNING * * *
You hit the orc priest.
The orc priest is heavily wounded.
You hit the orc priest. You headbutt the orc priest.
You feel a bit better.
You kill the orc priest!
You hit the kobold.
You feel a bit better.
You kill the kobold!
The orc hits you but does no damage.
You punch the orc warrior! You claw the orc warrior.
You headbutt the orc warrior.
The orc warrior is almost dead.
The orc closely misses you.
The orc warrior hits you with a +0 war axe.
* * * LOW HITPOINT WARNING * * *
You completely miss the orc warrior. Your kick misses the orc warrior.
The orc warrior is almost dead.
The orc hits you with a +0 dagger.
* * * LOW HITPOINT WARNING * * *
The orc warrior hits you with a +0 war axe!
* * * LOW HITPOINT WARNING * * *
You hit the orc warrior but do no damage.
You claw the orc warrior, but do no damage.
The orc warrior is almost dead.
Your transformation is almost over.
The orc warrior hits you with a +0 war axe!
You die...

, ,, , * *,, *
####......#.......* , ,*
..........#....... , ,
<...............$,, ,,*
................ , # * *
..............# , ,.## ,
........#.....#####... , *
........#.....#....#* , ,
.........†..)?.o@..# ,
...##.#.....)..o........,,
...#..#.................
,* *
#^............$..$......
*,, *
.....#.........\........
,*
.....#................## ,
...............(.......# ,
..##....................,
* , ...#......... , , ,


You could see an orc warrior and an orc.

Vanquished Creatures
  Prince Ribbit (D:5)
  A steam dragon (D:6)
  An ice beast (D:5)
  A black bear (D:6)
  An ogre (D:5)
  A phantom (D:4)
  A kobold brigand (D:6)
  A necrophage (D:5)
  2 scorpions
  3 jellies
  2 orc priests (D:6)
  A gnoll bouda (D:5)
  3 iguanas
  8 gnolls
  7 adders
  A worm (D:2)
  4 dart slugs (D:2)
  3 orcs
  An endoplasm (D:2)
  4 giant cockroaches
  A goblin (D:2)
  2 hobgoblins
  10 jackals
  11 kobolds
  2 quokkas
  4 ball pythons
  3 bats
  A frilled lizard (D:2)
  A rat (D:1)
82 creatures vanquished.

Vanquished Creatures (others)
  A phantom (D:6)
  4 toadstools (D:6)
5 creatures vanquished.

Grand Total: 87 creatures vanquished

Notes
Turn   | Place    | Note
-------+----------+-------------------------------------------
     0 | D:1      | MrRokkomies the Meteoran Transmuter began the quest for the
                  | Orb.
     0 | D:1      | Reached XP level 1. HP: 16/16 MP: 5/5
   149 | D:1      | Found a faded altar of an unknown god.
   181 | D:1      | Reached XP level 2. HP: 21/23 MP: 4/6
   458 | D:2      | Reached skill level 4 in Unarmed Combat
   458 | D:2      | Reached XP level 3. HP: 29/29 MP: 8/8
   458 | D:2      | Found Jenaomeara's General Store.
   484 | D:2      | Learned a level 2 spell: Wereblood
   488 | D:2      | Learned a level 3 spell: Spider Form
   555 | D:2      | Found Xun Osmi's Antique Weapon Emporium.
   567 | D:2      | Reached XP level 4. HP: 27/36 MP: 7/9
   753 | D:2      | Found Qogiafu's Weapon Boutique.
   754 | D:2      | Found Cuucren's Jewellery Shop.
   986 | D:3      | Found a shadowy altar of Dithmenos.
  1531 | D:3      | Reached XP level 5. HP: 37/42 MP: 10/10
  1586 | D:4      | Reached skill level 5 in Unarmed Combat
  1586 | D:4      | Reached XP level 6. HP: 14/51 MP: 8/11
  1837 | D:4      | Reached XP level 7. HP: 59/59 MP: 10/12
  1868 | D:5      | Entered Level 5 of the Dungeon
  1882 | D:5      | Reached skill level 6 in Unarmed Combat
  2086 | D:5      | Found a runed translucent gate.
  2086 | D:5      | Found a runed translucent gate.
  2086 | D:5      | Found a runed translucent gate.
  2087 | D:5      | Noticed choppaz's ghost (novice DjFE)
  2180 | D:5      | Reached XP level 8. HP: 43/67 MP: 13/13
  2204 | D:5      | Reached skill level 5 in Fighting
  2218 | D:5      | Noticed Prince Ribbit
  2227 | D:5      | Killed Prince Ribbit
  2228 | D:5      | Reached skill level 7 in Unarmed Combat
  2270 | D:5      | Reached skill level 5 in Transmutations
  2334 | D:5      | Reached skill level 5 in Dodging
  2400 | D:6      | Noticed a steam dragon
  2418 | D:6      | Killed a steam dragon
  2537 | D:6      | Found Vucicw's General Store.
  2544 | D:6      | Gained mutation: You passively map the area around you.
                  | [Meteoran growth]
  2544 | D:6      | Reached XP level 9. HP: 71/75 MP: 12/14
  2554 | D:6      | Reached skill level 8 in Unarmed Combat
  2567 | D:6      | Mangled by an orc warrior

Illustrated notes

Levels and vault maps discovered:
D:1:      dpeg_arrival_chambers_temple_mockup, layout_loops_ring,
          hellmonk_ecumenical_altar_pennies_from_heaven,
          chequers_serial_rivers_room_a, serial_bayou_ford_a, minmay_hedge_maze
D:2:      layout_basic, serial_shops, nicolae_square_shop, nicolae_shop_stone,
          shop, shop
D:3:      layout_loops_ring, mainiacjoe_overflow_alcove_4,
          mainiacjoe_overflow_24_doors
D:4:      layout_cave_pools, reono_crystal_passage
D:5:      layout_loops_corners, ebering_ghost_rock_garden, uniq_prince_ribbit1
D:6:      cheibrodos_fzero, layout_cave_pools, serial_shops, shop,
          minmay_gold_behind_fungi, patterned_corridor

Skill      XL: |  1  2  3  4  5  6  7  8  9 |
---------------+----------------------------+-----
Unarmed Combat | 4 5 6 7 8 |  8.0
Fighting       | 2 3 4 6 |  6.5
Transmutations | 3 4 5 |  5.5
Dodging        | 3 4 5 |  5.4
Spellcasting   | |  2.6

Action                   |  1- 3 |  4- 6 |  7- 9 || total
-------------------------+-------+-------+-------++-------
Melee: Unarmed           |    58 |   113 |   115 ||   286
       Kick              |    14 |    20 |    39 ||    73
       Headbutt          |     5 |    15 |    28 ||    48
       Punch             |     2 |     2 |     8 ||    12
 Cast: Beastly Appendage |    12 |    15 |    12 ||    39
       Wereblood         |       |     1 |     2 ||     3
Evoke: Wand              |       |       |     1 ||     1
  Use: Scroll            |       |     6 |     2 ||     8
       Potion            |       |     2 |     1 ||     3
Armor: Robe              |    13 |     1 |       ||    14
       Ring mail         |       |    40 |    32 ||    72
Dodge: Dodged            |    20 |    57 |    59 ||   136

Table legend: (Time is in decaauts)
 A = Elapsed time spent in this place.
 B = Non-inter-level travel time spent in this place.
 C = Inter-level travel time spent in this place.
 D = Time resting spent in this place.
 E = Time spent auto-exploring this place.
 F = Levels seen in this place.
 G = Mean time per level.
                   A        B        C        D        E       F      G
               +--------+--------+--------+--------+--------+-----+--------+
         Total |   2519 |   2358 |    161 |    103 |   1330 |   6 |  419.8 |
       Dungeon |   2519 |   2358 |    161 |    103 |   1330 |   6 |  419.8 |
               +--------+--------+--------+--------+--------+-----+--------+

Top non-repeatable levels by time:
     D:3: 704 daAuts
     D:5: 608 daAuts
     D:2: 443 daAuts
     D:1: 399 daAuts
     D:4: 286 daAuts
     D:6: 76 daAuts
